 Dungeon Crawl Stone Soup version 0.16-a0-1885-g0f03bb0 (webtiles) character file.

1026 timbw the Carver (level 8, -2/50 (56) HPs)
             Began as a Human Gladiator on Nov 7, 2014.
             Was a Follower of the Shining One.
             Slain by a worker ant (4 damage)
             ... on level 7 of the Dungeon.
             The game lasted 00:09:14 (3398 turns).

timbw the Carver (Human Gladiator)                  Turns: 3398, Time: 00:09:14

HP:   -2/50 (56)    AC:  2    Str: 18    XL:     8   Next: 47%
MP:   8/8           EV:  4    Int:  8    God:    the Shining One [*.....]
Gold: 81            SH:  0    Dex: 14    Spells: 0 memorised, 7 levels left

rFire  . . .     SeeInvis .     t - +0 scimitar
rCold  . . .     Clarity  .     s - +0 plate armour
rNeg   . . .     SustAb   .     (no shield)
rPois  .         Gourm    .     c - +0 helmet
rElec  .         Spirit   .     (no cloak)
rCorr  .         Warding  .     n - +0 pair of gloves
rMut   .         Stasis   .     (no boots)
MR     .....                    (no amulet)
Stlth  ..........               (no ring)
                                (no ring)

@: lethally poisoned, corroded equipment, glowing, drained, not resistant to
hostile enchantments, extremely unstealthy
A: no striking features
a: Renounce Religion


You were on level 7 of the Dungeon.
You worshipped the Shining One.
The Shining One was aware of your devotion.
You were hungry.

You visited 1 branch of the dungeon, and saw 8 of its levels.

You collected 126 gold pieces.
You spent 45 gold pieces at shops.

Inventory:

Hand weapons
 a - a +0 long sword
 t - a +0 scimitar (weapon)
Missiles
 f - a tomahawk (quivered)
Armour
 b - a +0 leather armour
 c - a +0 helmet (worn)
 d - a +0 chain mail
 e - a +0 scale mail
 l - a +0 ring mail
 m - a -2 chain mail
 n - a +0 pair of gloves (worn)
 s - a +0 plate armour (worn)
Magical devices
 o - a wand of cold (0)
 p - a wand of cold (0)
Scrolls
 h - a scroll of fear {unknown}
 i - a scroll of enchant armour {unknown}
 j - 2 scrolls of identify {unknown}
 k - a scroll of enchant weapon {unknown}
 q - a scroll of torment {unknown}
 u - a scroll of recharging {unknown}
Comestibles
 g - 3 meat rations
 r - a chunk of flesh


   Skills:
 + Level 2.0(1.7) Fighting
 * Level 9.8(9.4) Long Blades
 - Level 2.0(1.6) Throwing
 + Level 0.2(0.0) Armour
 - Level 3.0(2.6) Dodging


You had 7 spell levels left.
You didn't know any spells.

Dungeon Overview and Level Annotations

Branches:
Dungeon (8/15)
 Temple: D:4-7         Lair: D:8-11

Altars:
Okawaru
Ru
The Shining One

Shops:
D:7 (*

Annotations:
D:3 Grinder, Sigmund
D:5 Edmund


Message History

The worker ant bites you.
* * * LOW HITPOINT WARNING * * *
You hit the worker ant but do no damage.
The worker ant is heavily wounded.
The worker ant bites you but does no damage.
You aren't carrying any potions.
You barely miss the worker ant.
The worker ant is heavily wounded.
You feel sick. The worker ant bites you.
* * * LOW HITPOINT WARNING * * *
You are lethally poisoned!
The worker ant poisons you!
You slash the worker ant!
The worker ant is almost dead.
The worker ant barely misses you.
You hit the worker ant but do no damage.
The worker ant is almost dead.
* * * LOW HITPOINT WARNING * * *
You feel sick. The worker ant bites you.
You die...

..##..######...# #...
.............# .)... .#
#.............## ......
.#
#..##...h###h.###....#
.# ##..## ##........#
.# #.# ##.## ##.o.....#
.# #.# #..## ##...##..#
.# #.# ##..## #...## .#
#.## ###@####g..[#
.######..## ##a##..#..#
....##....##
#lgh.###..#
...........## ##o...#
#...
.###..8.....####.....##
#...
###............#####..#
.. ... .##.8.∩.8.##.###
##..##..... ...
..####.#####.#
##......# ... ..# #8#
#.# ##..###..# ##..


You could see an orc warrior, a worker ant, a giant gecko, a jackal and a
hobgoblin.

Vanquished Creatures
  2 orc warriors (D:7)
  A necrophage (D:7)
  A giant frog (D:7)
  2 scorpions (D:7)
  A hippogriff skeleton (D:6)
  5 orc wizards
  A crimson imp (D:7)
  A jelly (D:7)
  3 orc priests (D:7)
  An elf skeleton (D:6)
  Natasha (D:4)
  3 hounds (D:6)
  Ijyb (D:3)
  4 adders
  A worm (D:2)
  An adder skeleton (D:7)
  17 orcs
  2 ball pythons
  A giant cockroach (D:2)
  4 goblins (D:2)
  7 hobgoblins
  3 jackals
  A kobold (D:6)
  3 quokkas (D:2)
  3 bats
  2 giant newts
  A kobold skeleton (D:6)
  An orc zombie (D:6)
  5 rats
  A ballistomycete (D:6)
80 creatures vanquished.

Vanquished Creatures (others)
  An orc wizard (D:6)
  4 orcs
  A kobold (D:6)
  3 giant spores
  A goblin (D:6)
  A rat (D:6)
  A ballistomycete (D:6)
12 creatures vanquished.

Grand Total: 92 creatures vanquished

Notes
Turn   | Place    | Note
--------------------------------------------------------------
     0 | D:1      | timbw, the Human Gladiator, began the quest for the Orb.
     0 | D:1      | Reached XP level 1. HP: 16/16 MP: 1/1
    66 | D:2      | Reached XP level 2. HP: 16/22 MP: 2/2
   110 | D:2      | Found a glowing golden altar of the Shining One.
   110 | D:2      | Found an iron altar of Okawaru.
   110 | D:2      | Found a sacrificial altar of Ru.
   118 | D:2      | Became a worshipper of the Shining One
   259 | D:2      | Reached skill level 4 in Long Blades
   259 | D:2      | Reached XP level 3. HP: 13/27 MP: 3/3
   455 | D:3      | Noticed Sigmund
   496 | D:3      | Noticed Natasha
   496 | D:3      | Noticed Ijyb
   501 | D:4      | Killed Natasha
   501 | D:4      | Reached XP level 4. HP: 7/33 MP: 4/4
   755 | D:3      | Killed Ijyb
   777 | D:3      | Noticed Grinder
   787 | D:3      | Paralysed by Grinder for 2 turns
   975 | D:3      | Paralysed by Grinder for 5 turns
   982 | D:3      | Paralysed by Grinder for 4 turns
  1251 | D:5      | Entered Level 5 of the Dungeon
  1255 | D:5      | Reached skill level 5 in Long Blades
  1271 | D:5      | Reached XP level 5. HP: 12/38 MP: 5/5
  1495 | D:6      | Reached skill level 6 in Long Blades
  1501 | D:6      | Reached XP level 6. HP: 22/44 MP: 6/6
  1712 | D:5      | Noticed Edmund
  1940 | D:6      | Reached skill level 7 in Long Blades
  2064 | D:7      | Noticed an orc warrior
  2069 | D:7      | Found Elima's Weapon Shoppe.
  2090 | D:7      | Killed an orc warrior
  2090 | D:7      | Reached XP level 7. HP: 45/50 MP: 7/7
  2092 | D:7      | Acquired the Shining One's first power
  2150 | D:7      | Reached skill level 8 in Long Blades
  2292 | D:7      | HP: 2/45 [poisoned by a scorpion]
  2799 | D:7      | Reached XP level 8. HP: 37/50 MP: 8/8
  2821 | D:7      | Found Kluarec's General Store.
  2828 | D:7      | Bought a +0 pair of gloves for 45 gold pieces
  2866 | D:7      | Reached skill level 9 in Long Blades
  3071 | D:7      | Noticed an orc warrior
  3080 | D:7      | Killed an orc warrior
  3119 | D:7      | Noticed an orc warrior
  3398 | D:7      | HP: 2/50 [poisoned by a worker ant]
  3398 | D:7      | Slain by a worker ant

Action                   |  1- 3 |  4- 6 |  7- 9 || total
-------------------------+-------+-------+-------++-------
Melee: Long sword        |    63 |   169 |    96 ||   328
       Scimitar          |       |       |    15 ||    15
Throw: Throwing net      |     2 |     3 |       ||     5
Evoke: Wand              |       |     2 |     2 ||     4
  Use: Potion            |     1 |       |     2 ||     3
       Scroll            |     1 |       |       ||     1
  Eat: Bread ration      |       |     1 |       ||     1
       Beef jerky        |       |       |     1 ||     1
       Chunk             |       |       |     2 ||     2
